 Dungeon Crawl Stone Soup version 0.27-a0-828-g8289197e94 (webtiles) character file.

Game seed: 14500911856534237235

32 jestyr24 the Shield-Bearer (level 3, 0/33 HPs)
             Began as a Minotaur Fighter on Mar 30, 2021.
             Slain by a gnoll
             ... wielding a +0 club
              (2 damage)
             ... on level 1 of the Dungeon on Mar 31, 2021.
             The game lasted 00:03:12 (715 turns).

jestyr24 the Shield-Bearer (Minotaur Fighter)        Turns: 715, Time: 00:03:12

Health: 0/33       AC:  7    Str: 21    XL:     3   Next: 8%
Magic:  2/2        EV:  7    Int:  5    God:
Gold:   51         SH:  9    Dex:  9    Spells: 2/2 levels left

rFire    . . .     SeeInvis .   a - +0 long sword
rCold    . . .     Faith    .   c - +0 kite shield
rNeg     . . .     Spirit   .   b - +0 scale mail
rPois    .         Reflect  .   (helmet restricted)
rElec    .         Harm     .   (no cloak)
rCorr    .         Rampage  .   (no gloves)
Will     .....                  (no boots)
Stlth    ..........             (no amulet)
HPRegen  0.11/turn              (no ring)
MPRegen  0.08/turn              (no ring)

@: no status effects
A: horns 2, retaliatory headbutt
a: no special abilities


You were on level 1 of the Dungeon.
You visited 1 branch of the dungeon, and saw 2 of its levels.

You collected 51 gold pieces.

Inventory:

Hand Weapons
 a - a +0 long sword (weapon)
Armour
 b - a +0 scale mail (worn)
 c - a +0 kite shield (worn)
Scrolls
 f - a scroll of noise {unknown}
 g - a scroll of vulnerability {unknown}
 h - a scroll of silence {unknown}
Potions
 d - a potion of might
 e - a potion of flight {unknown}


   Skills:
 + Level 4.0 Fighting
 + Level 2.9 Long Blades
 + Level 4.1 Armour
 + Level 4.2 Shields


You had 2 spell levels left.
You didn't know any spells.
Your spell library was empty.

Dungeon Overview and Level Annotations

Branches:
Dungeon (2/15)

Altars:

Shops:
D:2 :?


Innate Abilities, Weirdness & Mutations

You have a pair of horns on your head.
You reflexively headbutt those who attack you in melee.


Message History

The gnoll hits you but does no damage. You block the gnoll's attack.
You hit the gnoll.
The gnoll is heavily wounded.
The gnoll barely misses you. The gnoll hits you with a +0 club.
The gnoll closely misses you.
You hit the gnoll.
The gnoll is severely wounded.
The gnoll barely misses you.
You riposte.
You slash the gnoll!
You kill the gnoll!
The gnoll hits you with a +0 flail of holy wrath.
A gnoll comes into view. It is wielding a +0 spear.
Your Fighting skill increases to level 4!
You have reached level 3!
Your experience leads to an increase in your attributes!
Increase (S)trength, (I)ntelligence, or (D)exterity?
You feel stronger.
The gnoll shouts!
You see here 11 gold pieces.
There is a stone staircase leading up here.
The gnoll hits you but does no damage. You block the gnoll's attack.
You climb upwards.
There is a stone staircase leading down here.
You block the gnoll's attack. The gnoll hits you but does no damage.
You slash the gnoll! Your headbutt misses the gnoll.
The gnoll is severely wounded.
You closely miss the gnoll.
The gnoll is severely wounded.
The gnoll hits you with a +0 flail of holy wrath.
The gnoll hits you with a +0 club. The gnoll hits you but does no damage.
You block the gnoll's attack.
You hit the gnoll.
The gnoll is almost dead.
The gnoll hits you with a +0 flail of holy wrath!
* * * LOW HITPOINT WARNING * * *
The gnoll hits you with a +0 club.
* * * LOW HITPOINT WARNING * * *
You closely miss the gnoll.
The gnoll is almost dead.
The gnoll hits you but does no damage. The gnoll hits you with a +0 club.
You die...

####.# #....#.#.#.#############
#.########.......##........#
#........#....##.#####.###.#
###########....#.##.#####.# #[#
#........#######....).....# #.#
#.#...##.#..........#########.#
#.#...##.#.######...'.#...#...###
..#.#.##.#.######...#.#...#......
.##.#.##.#.....g@##.#.#...######.
.#....##.#######g##.#..........(.
................>...###########..
##.########.##.####.# ####..
#....# #.##.# #.# #..... ####.#
#....# ### #.#..# ### #.# ######
####.#... ..# #.# #....#### ..#
#.# #.####


You could see 2 gnolls.

Vanquished Creatures
  A gnoll (D:2)
  A worm (D:2)
  4 bats (D:1)
  3 endoplasms (D:1)
  A goblin (D:1)
  A hobgoblin (D:1)
  A kobold (D:1)
  A quokka (D:2)
  2 ball pythons
  2 frilled lizards
  2 rats
19 creatures vanquished.

Notes
Turn   | Place    | Note
-------+----------+-------------------------------------------
     0 | D:1      | jestyr24 the Minotaur Fighter began the quest for the Orb.
     0 | D:1      | Reached XP level 1. HP: 19/19 MP: 0/0
   336 | D:1      | Reached XP level 2. HP: 27/27 MP: 1/1
   691 | D:2      | Found Ciocs's Book Emporium.
   691 | D:2      | Found Boolim's Magic Scroll Shoppe.
   705 | D:2      | Reached XP level 3. HP: 15/33 MP: 2/2
   714 | D:1      | HP: 1/33 [gnoll/+0 club (2)]
   715 | D:1      | Slain by a gnoll

Illustrated notes

Levels and vault maps discovered:
D:1:      amcnicky_arrival_abandoned_market, layout_basic
D:2:      layout_rooms, lemuel_doored_altar, serial_shops,
          nicolae_shop_waterfront, shop, shop, shop, uniq_natasha

Skill      XL: |  1  2 |
---------------+-------+-----
Armour         | 4 |  4.1
Shields        | 4 |  4.2
Fighting       | 4 |  4.0
Long Blades    | |  2.9

Action                   || total
-------------------------++-------
Melee: Long sword        ||    37
       Headbutt          ||     8
Armor: Scale mail        ||    15
Dodge: Dodged            ||    17
Block: Kite shield       ||    20
       Rpst.: Long sword ||     2

Table legend: (Time is in decaauts)
 A = Elapsed time spent in this place.
 B = Non-inter-level travel time spent in this place.
 C = Inter-level travel time spent in this place.
 D = Time resting spent in this place.
 E = Time spent auto-exploring this place.
 F = Levels seen in this place.
 G = Mean time per level.
                   A        B        C        D        E       F      G
               +--------+--------+--------+--------+--------+-----+--------+
         Total |    733 |    733 |      0 |      0 |    535 |   2 |  366.5 |
       Dungeon |    733 |    733 |      0 |      0 |    535 |   2 |  366.5 |
               +--------+--------+--------+--------+--------+-----+--------+

Top non-repeatable levels by time:
     D:1: 649 daAuts
     D:2: 83 daAuts
